AoeStats
← Iguano Pop

Arabia

507223951Analyzed
1v1 RM · 15d ago on Sep 17, 2026· 24m 59s· 2 players
Game mode
Random Map
Map size
Tiny (2 player)
Population
200
Speed
Normal
Resources
Standard
Victory
Conquest
Starting age
Dark Age
Ending age
Imperial Age
RankedLock teamsTeams togetherTeam positionsShared explorationLock speedFull tech treeHidden civsTurbo modeCheats
Victory
Defeat
🇲🇽 Maya · Mexico
1319
+14
🇺🇸 Armenians · United States
1266
-14
|TT|-=UFO=-
9:48 Loom
12:17 Feudal Age
12:24 Man-at-Arms
12:59 Double-Bit Axe
13:49 Long Swordsman
17:40 Horse Collar
18:51 Arson
22:40 Padded Archer Armor
23:02 Fletching
25:28 Forging
25:19 Scale Mail Armor
Iguano Pop
0:27 Loom
10:00 Feudal Age
10:28 Double-Bit Axe
11:54 Town Watch
13:30 Fletching
22:13 Padded Archer Armor
24:41 Castle Age
24:00 Gold Mining
25:18 Bodkin Arrow
24:47 Crossbowman
Connection lost

Rejoining the realm…

Still unreachable

The connection could not be restored.

Session expired

The server has moved on; the page needs a fresh start.